 Dungeon Crawl Stone Soup version 0.29-a0-231-g945431f764 (webtiles) character file.

Game seed: 5760656353513009391

1743 siradein the Frost Mage (level 9, -2/71 HPs)
             Began as a Ghoul Ice Elementalist on Feb 28, 2022.
             Was an Initiate of Kikubaaqudgha.
             Slain by a wraith (9 damage)
             ... on level 5 of the Dungeon.
             The game lasted 00:23:18 (10076 turns).

siradein the Frost Mage (Ghoul Ice Elementalist)   Turns: 10076, Time: 00:23:19

Health: -2/71      AC:  6    Str: 12    XL:     9   Next: 5%
Magic:  8/13       EV: 12    Int: 14    God:    Kikubaaqudgha [......]
Gold:   342        SH:  0    Dex:  9    Spells: 5/15 levels left

rFire   . . .      SeeInvis .   y - +0 dire flail
rCold   + . .      Faith    .   (shield currently unavailable)
rNeg    + + +      Spirit   .   r - +2 robe {Will+}
rPois   ∞          Reflect  .   A - +2 hat
rElec   .          Harm     .   (no cloak)
rCorr   .          Rampage  .   (no gloves)
Will    +....                   (no boots)
Stlth   ++........              (no amulet)
HPRegen 0.00/turn               (no ring)
MPRegen 0.13/turn               (no ring)

@: inhibited regen, slowed, very slow
A: claws 1, cold resistance 1, negative energy resistance 3, inhibited
regeneration, torment resistance 2
a: Renounce Religion


You were on level 5 of the Dungeon.
You worshipped Kikubaaqudgha.
Kikubaaqudgha was noncommittal.
You visited 2 branches of the dungeon, and saw 8 of its levels.

You collected 342 gold pieces.

Inventory:

Hand Weapons
 d - a +0 short sword of venom
 y - a +0 dire flail (weapon)
Missiles
 f - a throwing net
 o - 174 stones
Armour
 r - a +2 robe of willpower (worn)
 A - a +2 hat (worn)
Magical Staves
 w - a staff of cold
 x - a staff of fire
Jewellery
 i - an amulet of guardian spirit
Wands
 n - a wand of polymorph (10)
 B - a wand of charming (6)
Scrolls
 a - a scroll of brand weapon {unknown}
 b - 4 scrolls of teleportation {unknown}
 c - 4 scrolls of immolation {unknown}
 e - 2 scrolls of holy word {unknown}
 g - 2 scrolls of enchant weapon {unknown}
 j - 2 scrolls of fog
 l - a scroll of summoning
 p - a scroll of blinking
 v - a scroll of amnesia
 z - a scroll of vulnerability
Potions
 h - 2 potions of cancellation
 k - 2 potions of haste {unknown}
 m - a potion of brilliance {unknown}
 q - a potion of attraction {unknown}
 s - 2 potions of heal wounds {unknown}
 t - 5 potions of curing
 u - 2 potions of magic
 C - 2 potions of lignification {unknown}


   Skills:
 + Level 3.8 Fighting
 + Level 3.9 Dodging
 - Level 2.1 Stealth
 + Level 3.6 Spellcasting
 + Level 2.6 Conjurations
 + Level 1.8 Necromancy
 + Level 9.1 Ice Magic
 + Level 3.5 Earth Magic


You had 5 spell levels left.
You knew the following spells:

 Your Spells              Type           Power      Damage    Failure   Level
a - Freeze                Ice            100%       1d11      1%          1
b - Frozen Ramparts       Ice            56%        1d7       1%          3
c - Ozocubu's Armour      Ice            28%        N/A       1%          3
d - Stone Arrow           Conj/Erth      22%        3d8       17%         3

Your spell library contained the following spells:

 Spells                   Type           Power      Damage    Failure   Level
 Sandblast                Erth           24%        2d8       4%          1
 Animate Skeleton         Necr           14%        N/A       10%         1
 Pain                     Necr           28%        1d5       10%         1
 Passwall                 Tmut/Erth      5%         N/A       14%         2
 Hailstorm                Conj/Ice       19%        3d6       19%         4
 Corpse Rot               Necr/Air       10%        N/A       22%         2
 Vampiric Draining        Necr           7%         2d6       28%         3
 Call Canine Familiar     Summ           2%         N/A       52%         3
 Portal Projectile        Hex/Tloc       4%         N/A       52%         3
 Dispel Undead            Necr           7%         3d8       67%         4
 Leda's Liquefaction      Hex/Erth       3%         N/A       67%         4
 Death Channel            Necr           3%         N/A       100%        6


Dungeon Overview and Level Annotations

Branches:
Dungeon (7/15)             Temple (1/1) D:5

Altars:
Ashenzari
Cheibriados
Dithmenos
Elyvilon
Fedhas
Gozag
Kikubaaqudgha
Makhleb
Nemelex Xobeh
Okawaru
Qazlal
Ru
Sif Muna
Trog
Uskayaw
Vehumet
Wu Jian
Yredelemnul
Zin
The Shining One

Shops:
D:3 :   D:6 (

Annotations:
D:5 3 runed translucent doors, benadryl's ghost, amateur FoHu


Innate Abilities, Weirdness & Mutations

You thrive by killing the living.
You are immune to poison.
You have sharp fingernails.
Your flesh is cold resistant. (rC+)
You are immune to negative energy. (rN+++)
You do not regenerate when monsters are visible.
You are immune to unholy pain and torment.


Message History

The arrow barely misses you.
The centaur shoots an arrow.
The arrow misses you.
The centaur shoots an arrow.
The arrow hits you!
There is a stone staircase leading up here.
You barely miss the gnoll shaman. The gnoll shaman misses you.
The centaur unwields a +0 shortbow.
The centaur barely misses you.
The centaur kicks you but does no damage.
The gnoll shaman barely misses you. The wraith barely misses you.
The centaur wields a +0 shortbow.
The centaur shoots an arrow.
The arrow hits you. The wraith barely misses you.
The wraith hits you but does no damage.
There is a stone staircase leading up here.
You climb upwards.
There is a stone staircase leading down here.
y - a +0 dire flail (weapon)
The wraith closely misses you. The wraith barely misses you.
There is a stone staircase leading up here.
The wraith hits you! The wraith drains your vigour!
You feel yourself slow down.
You climb upwards.
Level annotation: 3 runed translucent doors, benadryl's ghost, amateur FoHu
There is a stone staircase leading down here.
The wraith hits you!
* * * LOW HITPOINT WARNING * * *
The wraith drains your vigour!
You feel as though you will be slow longer.
The wraith closely misses you. The wraith closely misses you.
The wraith hits you.
* * * LOW HITPOINT WARNING * * *
The wraith hits you.
* * * LOW HITPOINT WARNING * * *
The wraith drains your vigour!
You feel as though you will be slow longer.
The wraith hits you but does no damage. The wraith hits you!
You die...
Kikubaaqudgha rasps: "You have failed me!
Welcome... oblivion!"

#.....# #.##.##.#.## #
##...#####..........# #########
#..........#.##.#..# #.....z..
##.#######.#.......# #.#######
#.# #.###..##.# #.# ##'## #.#
#.###.# #.# ##...## #.###.###.#
#[# ##.....## #.........# #.####
#.......## ###.#@##### #.##>####
.........####...W########.......#
.........'.......................
.........####....##########...#.#
#.......## ##.#.# ##.##.#
##.....## #...# ####.# ##...##
#.### #.# ##'## #.# #.# ####.#
#.# ######.#


You could see a wraith.

Vanquished Creatures
  A komodo dragon (D:7)
  Duvessa (D:5)
  A water moccasin (D:6)
  A sky beast (D:7)
  2 ogres
  A bullfrog (D:4)
  3 necrophages
  A scorpion (D:5)
  2 wights (D:5)
  Dowan (D:5)
  A howler monkey (D:7)
  A jelly (D:3)
  An orc priest (D:5)
  7 hounds
  Jessica (D:2)
  2 iguanas
  An orc wizard (D:5)
  7 adders
  2 white imps (D:7)
  An ufetubus (D:7)
  2 worms
  5 dart slugs
  4 orcs
  A ball python (D:3)
  5 endoplasms
  6 giant cockroaches
  9 goblins
  6 hobgoblins
  5 jackals
  7 kobolds
  6 quokkas
  3 training dummies (D:6)
  2 frilled lizards (D:1)
  2 rats
101 creatures vanquished.

Vanquished Creatures (others)
  2 plants (D:7)
2 creatures vanquished.

Grand Total: 103 creatures vanquished

Notes
Turn   | Place    | Note
-------+----------+-------------------------------------------
     0 | D:1      | siradein the Ghoul Ice Elementalist began the quest for the
                  | Orb.
     0 | D:1      | Reached XP level 1. HP: 14/14 MP: 2/2
   133 | D:1      | Reached XP level 2. HP: 13/20 MP: 0/3
   272 | D:1      | Reached skill level 5 in Ice Magic
   894 | D:1      | Reached XP level 3. HP: 26/26 MP: 1/4
  1092 | D:1      | Found a faded altar of an unknown god.
  1655 | D:2      | Noticed Jessica
  1671 | D:2      | Killed Jessica
  1672 | D:2      | Reached skill level 6 in Ice Magic
  1672 | D:2      | Reached XP level 4. HP: 33/33 MP: 5/5
  2310 | D:2      | Learned a level 3 spell: Frozen Ramparts
  2749 | D:3      | Reached XP level 5. HP: 28/38 MP: 1/6
  2882 | D:3      | You fall into a shaft and drop 1 floor!
  2887 | D:4      | Learned a level 3 spell: Ozocubu's Armour
  2919 | D:4      | Reached skill level 7 in Ice Magic
  3012 | D:4      | Reached XP level 6. HP: 45/45 MP: 3/7
  3189 | D:3      | Found Oset's Book Shoppe.
  3203 | D:3      | Reached skill level 8 in Ice Magic
  4040 | D:4      | Reached skill level 1 in Fighting
  4819 | D:4      | Reached XP level 7. HP: 44/52 MP: 6/9
  4823 | D:4      | Learned a level 3 spell: Stone Arrow
  4962 | D:5      | Entered Level 5 of the Dungeon
  5014 | D:5      | Found a runed translucent gate.
  5014 | D:5      | Found a runed translucent gate.
  5014 | D:5      | Found an opulent altar of Gozag.
  5282 | D:5      | Reached skill level 1 in Earth Magic
  5707 | D:5      | Noticed Duvessa
  5707 | D:5      | Noticed Dowan
  5726 | D:5      | Killed Duvessa
  5727 | D:5      | Reached skill level 1 in Conjurations
  5727 | D:5      | Killed Dowan
  6018 | D:5      | Found a runed translucent gate.
  6018 | D:5      | Noticed benadryl's ghost (amateur FoHu)
  6018 | D:5      | Noticed a two-headed ogre
  6279 | D:5      | Found a staircase to the Ecumenical Temple.
  6470 | D:6      | Reached XP level 8. HP: 60/62 MP: 5/11
  6531 | D:6      | Found Moyx's Firing Range.
  8550 | D:5      | HP: 3/63 [wight/+0 great sword (11)]
  9259 | Temple   | Entered the Ecumenical Temple
  9438 | Temple   | Became a worshipper of Kikubaaqudgha
  9779 | D:7      | Noticed a komodo dragon
  9796 | D:7      | Killed a komodo dragon
  9797 | D:7      | Reached skill level 1 in Necromancy
  9797 | D:7      | Reached skill level 9 in Ice Magic
  9989 | D:7      | Noticed a wraith
  9993 | D:7      | Noticed a wraith
  9995 | D:7      | Reached XP level 9. HP: 51/71 MP: 3/13
 10076 | D:5      | Slain by a wraith

Illustrated notes

Levels and vault maps discovered:
D:1:      lemuel_arrival_tunnels, layout_basic, chequers_ecumenical_altar_lobes
D:2:      layout_basic, kennysheep_jessica_study
D:3:      layout_basic, serial_shops, shop
D:4:      minmay_spotlight, layout_rooms, serial_co_window_serial,
          co_window_of_opportunity_a, co_window_corner_a, co_window_paths_a,
          co_window_corner_a, co_window_of_opportunity_a,
          co_window_of_opportunity_b, co_window_unsneaky_path_d,
          co_window_broadway_c, co_window_unsneaky_path_c, co_window_paths_c,
          co_window_broadway_b, glass_columns_a, glass_columns_b,
          nrook_mini_vaults
D:5:      layout_loops_corners, minmay_temple_entry_poolview,
          ebering_ghost_gozag, uniq_duvessa
D:6:      layout_cave_pods, nicolae_shop_firing_range
D:7:      nzn_winding_woodlands_cross [nzn_winding_woodlands_5x15_lazy_stream,
          nzn_winding_woodlands_5x15_sawtooth, nzn_winding_woodlands_5x15_eye,
          nzn_winding_woodlands_5x15_parted,
          nzn_winding_woodlands_15x15_killbox], layout_rooms, xom_shifter_show,
          nicolae_lava_and_water, uniq_crazy_yiuf_cottage
Temple:   mainiacjoe_temple_hex_bubbles

Skill      XL: |  1  2  3  4  5  6  7  8 |
---------------+-------------------------+-----
Ice Magic      | 5 6 7 8 9 |  9.1
Fighting       | 1 2 3 |  3.8
Dodging        | 2 3 |  3.9
Spellcasting   | 2 3 |  3.6
Earth Magic    | 2 3 |  3.5
Conjurations   | 1 2 |  2.6
Necromancy     | 1 |  1.8
Stealth        | |  2.1

Action                   |  1- 3 |  4- 6 |  7- 9 || total
-------------------------+-------+-------+-------++-------
Melee: Unarmed           |    28 |       |       ||    28
       Short sword       |    26 |   127 |    13 ||   166
       Punch             |       |     1 |     2 ||     3
       Staff             |       |    14 |    50 ||    64
       Dire flail        |       |       |    36 ||    36
 Cast: Freeze            |    21 |    10 |    21 ||    52
       Frozen Ramparts   |       |    12 |    23 ||    35
       Ozocubu's Armour  |       |     1 |    15 ||    16
  Use: Scroll            |       |     4 |     3 ||     7
       Potion            |       |       |     2 ||     2
 Stab: Sleeping          |     1 |     2 |     1 ||     4
Armor: Robe              |     8 |    43 |    40 ||    91
       Leather armour    |     2 |     2 |       ||     4
Dodge: Dodged            |    30 |    73 |    85 ||   188

Table legend: (Time is in decaauts)
 A = Elapsed time spent in this place.
 B = Non-inter-level travel time spent in this place.
 C = Inter-level travel time spent in this place.
 D = Time resting spent in this place.
 E = Time spent auto-exploring this place.
 F = Levels seen in this place.
 G = Mean time per level.
                   A        B        C        D        E       F      G
               +--------+--------+--------+--------+--------+-----+--------+
         Total |  10129 |   9764 |    365 |   1172 |   6728 |   8 | 1266.1 |
       Dungeon |   9920 |   9586 |    334 |   1172 |   6555 |   7 | 1417.1 |
        Temple |    209 |    179 |     30 |      0 |    173 |   1 |  209.0 |
               +--------+--------+--------+--------+--------+-----+--------+

Top non-repeatable levels by time:
     D:5: 2698 daAuts
     D:4: 1956 daAuts
     D:1: 1408 daAuts
     D:2: 1180 daAuts
     D:6: 1142 daAuts
     D:3: 1101 daAuts
     D:7: 433 daAuts
  Temple: 209 daAuts
